 Dungeon Crawl Stone Soup version 0.31.0-9-g3a7656b989 (webtiles) character file.

Game seed: 17027272461308290932

6532 browni3141 the Spear-Bearer (level 11, -4/72 HPs)
             Began as a Formicid Delver on Jan 24, 2024.
             Was an Elder of Hepliaklqana.
             Killed from afar by an efreet (19 damage)
             ... with a fireball
             ... on level 10 of the Dungeon.
             The game lasted 00:34:54 (10761 turns).

browni3141 the Spear-Bearer (Formicid Delver)      Turns: 10761, Time: 00:34:54

Health: -4/72      AC: 10    Str: 21    XL:     11   Next: 20%
Magic:  0/14       EV: 12    Int: 10    God:    Hepliaklqana [****..]
Gold:   275        SH:  0    Dex: 15    Spells: 10/10 levels left

rFire   . . .        a - +2 trident (protect)
rCold   + . .        (no shield)
rNeg    . . .        y - +2 scale mail {rC+}
rPois   .            (helmet unavailable)
rElec   .            Y - +0 cloak
rCorr   .            (no gloves)
SInv    +            (no boots)
Will    +....        t - amulet of guardian spirit
Stlth   ++           (no ring)
HPRegen 0.32/turn    (no ring)
MPRegen 0.14/turn

%: guardian spirit
@: no status effects
A: reduced essence, permanent stasis, dig shafts and tunnels, antennae 3, four
strong arms
a: Dig, Shaft Self, Renounce Religion, Recall Ancestor, Ancestor Identity,
Transference, Idealise


You were on level 10 of the Dungeon.
You worshipped Hepliaklqana.
Hepliaklqana was greatly pleased with you.
You visited 2 branches of the dungeon, and saw 11 of its levels.

You collected 614 gold pieces.
You spent 339 gold pieces at shops.

Inventory:

Hand Weapons
 a - a +2 trident of protection (weapon)
 b - a +2 orcbow of electrocution
 m - a +1 halberd of flaming
 p - a +3 halberd
 v - a +0 short sword
 A - a +2 mace of protection
 I - a +2 whip of venom
 N - a +2 dagger of draining
Missiles
 u - 2 curare-tipped darts
 J - 32 poisoned darts (quivered)
 L - 4 darts of dispersal
 T - 13 boomerangs
 Z - a throwing net
Armour
 k - a +0 scale mail
 l - a +0 leather armour
 r - a +1 pair of boots
 y - a +2 scale mail of cold resistance (worn)
 z - a +1 ring mail of cold resistance
 X - a +0 ring mail
 Y - a +0 cloak (worn)
Jewellery
 g - a +4 ring of protection
 n - a ring of flight
 t - an amulet of guardian spirit (around neck)
 W - an amulet of faith
Wands
 f - a wand of digging (3)
 o - a wand of charming (12)
 V - a wand of flame (8)
Scrolls
 d - a scroll of revelation
 e - 2 scrolls of fear
 i - a scroll of enchant armour {unknown}
 j - 5 scrolls of teleportation {unknown}
 q - 2 scrolls of vulnerability
 B - 2 scrolls of amnesia
 F - 2 scrolls of fog
 G - a scroll of immolation
 H - 2 scrolls of silence
 K - 3 scrolls of enchant weapon {unknown}
 Q - a scroll of blinking
 R - 3 scrolls of noise {unknown}
Potions
 c - a potion of ambrosia {unknown}
 h - 4 potions of haste
 s - 4 potions of might {unknown}
 w - 2 potions of lignification {unknown}
 x - 2 potions of cancellation {unknown}
 C - 2 potions of curing
 D - 2 potions of enlightenment {unknown}
 E - a potion of mutation {unknown}
 M - 2 potions of heal wounds {unknown}
 O - 3 potions of attraction {unknown}
 P - 2 potions of degeneration {unknown}
 S - a potion of berserk rage {unknown}
 U - a potion of resistance {unknown}


   Skills:
 - Level 6.0 Fighting
 - Level 2.0 Short Blades
 - Level 10.0 Polearms
 * Level 6.3 Ranged Weapons
 - Level 5.0 Throwing
 - Level 6.0 Armour
 - Level 5.0 Dodging
 - Level 6.0 Stealth
 - Level 4.0 Invocations
 - Level 3.0 Evocations


You had 10 spell levels left.
You didn't know any spells.
Your spell library contained the following spells:

 Spells                   Type           Power      Damage    Failure   Level
 Kiss of Death            Conj/Necr      0%         2d5       67%         1
 Magic Dart               Conj           0%         1d3       67%         1
 Slow                     Hex            0%         N/A       67%         1
 Call Imp                 Summ           0%         N/A       82%         2
 Ensorcelled Hibernation  Hex/Ice        0%         N/A       82%         2
 Lesser Beckoning         Tloc           0%         N/A       82%         2
 Momentum Strike          Conj/Tloc      0%         3d8       82%         2
 Confusing Touch          Hex            0%         N/A       96%         3
 Passwall                 Erth           0%         N/A       96%         3
 Sigil of Binding         Hex            0%         N/A       96%         3
 Vampiric Draining        Necr           0%         2d6       96%         3
 Dispel Undead            Necr           0%         3d6       100%        4
 Iskenderun's Battlesphe  Conj           0%         2d6       100%        5
 Bombard                  Conj/Erth      0%         9d1       100%        6
 Spellforged Servitor     Conj/Summ      0%         N/A       100%        7
 Blink                    Tloc           Unusable   N/A       N/A         2
 Swiftness                Air            Unusable   N/A       N/A         3

Dungeon Overview and Level Annotations

Branches:
Dungeon (10/15)            Temple (1/1) D:7            Lair (0/5) D:8
    Orc: D:9-12

Altars:
Ashenzari
Cheibriados
Dithmenos
Elyvilon
Fedhas
Gozag
Hepliaklqana
Kikubaaqudgha
Makhleb
Nemelex Xobeh
Okawaru
Qazlal
Ru
Sif Muna
Trog
Vehumet
Wu Jian
Xom
Yredelemnul
Zin
The Shining One

Shops:
D:3 ?   D:8 (:[   D:9 *

Annotations:
D:7 Joseph
D:9 2 transporters, Esekla's ghost, novice SpHW


Innate Abilities, Weirdness & Mutations

Your life essence is reduced to manifest your ancestor. (-10% HP)
You cannot be hasted, slowed, berserked, paralysed or teleported.
You can dig through walls and to a lower floor.
You have a pair of large antennae on your head. (SInv)
Your four strong arms can wield two-handed weapons with a shield.


Message History

Agentchuck gestures at the wraith while chanting.
The stone arrow hits the wraith.
You shoot an arrow. Agentchuck avoids your attack.
The arrow hits the wraith.
The wraith is lightly damaged.
The wraith barely misses agentchuck.
Agentchuck hits the wraith with a +0 quarterstaff!
You shoot an arrow. Agentchuck avoids your attack.
The arrow hits the wraith but does no damage.
The wraith is severely damaged.
The wraith hits agentchuck!
Agentchuck closely misses the wraith.
The wraith hits agentchuck!
The wraith drains agentchuck's vigour!
Agentchuck seems to slow down.
Agentchuck hits the wraith with a +0 quarterstaff!!
The wraith is destroyed!
No target in view!
You swap places.
You sense a monster nearby.
A centaur warrior comes into view. It is wielding a staff of alchemy.
The centaur warrior shouts!
The centaur warrior wields a +0 shortbow.
The centaur warrior shoots an arrow.
The arrow hits you.
An orc warrior comes into view. It is wielding a +0 scimitar.
You hear an angry buzzing noise.
You see here a howler monkey corpse.
You shoot an arrow. The arrow hits the orc warrior.
The orc warrior is lightly wounded.
The centaur warrior shoots an arrow.
The arrow hits you!
The centaur warrior shoots an arrow.
The arrow hits you!!
You swap places.
Agentchuck is no longer moving slowly.
Agentchuck barely misses the orc warrior.
The orc warrior barely misses agentchuck.
Agentchuck hits the orc warrior with a +0 quarterstaff!
The orc warrior hits agentchuck with a +0 scimitar!
Something hits agentchuck!
Something kicks agentchuck.
Agentchuck hits the orc warrior with a +0 quarterstaff!
The orc warrior dies!
Your Ranged Weapons skill increases to level 6!
Agentchuck has departed this plane of existence.
The centaur warrior wields a +0 shortbow.
The centaur warrior shoots an arrow.
The arrow hits you.
The centaur warrior shoots an arrow.
The arrow closely misses you.
You hear a shout!
Your +2 orcbow of electrocution stops crackling.
Your +2 trident of protection hums with potential!
a - a +2 trident of protection (weapon)
You hear an angry hiss.
The centaur warrior unwields a +0 shortbow.
The centaur warrior wields a staff of alchemy.
The centaur warrior hits you with a staff of alchemy!
The centaur warrior envenoms you!
* * * LOW HITPOINT WARNING * * *
You are poisoned.
The centaur warrior kicks you but does no damage.
You puncture the centaur warrior!
Your weapon exudes an aura of protection.
The centaur warrior is moderately wounded.
You feel sick.
The centaur warrior hits you with a staff of alchemy.
* * * LOW HITPOINT WARNING * * *
The centaur warrior kicks you but does no damage.
Aiming: Charm
Press: ? - help, Shift-Dir - straight line, f - centaur warrior
Aim: a centaur warrior, wielding a staff of alchemy (moderately wounded, chance to affect: 38%)
The centaur warrior is charmed.
You feel sick.
You are no longer poisoned.
You hear a shout!
A centaur warrior comes into view. It is wielding a staff of conjuration.
The centaur warrior wields a +0 orcbow.
The centaur warrior shoots an arrow.
The arrow completely misses your centaur warrior.
The arrow hits you.
* * * LOW HITPOINT WARNING * * *
The centaur warrior shoots an arrow.
The arrow hits your centaur warrior!!
The centaur warrior shoots an arrow.
The arrow hits your centaur warrior!!
Your centaur warrior dies!
Aiming: Charm
Press: ? - help, Shift-Dir - straight line, f - centaur warrior
Aim: a centaur warrior, wielding a +0 orcbow and wearing a ring of poison resistance (chance to affect: 38%)
The centaur warrior is charmed.
An efreet comes into view.
It is wielding a +1 scimitar of flaming and carrying a wand of roots.
Okay, then.
Unknown command.
Press: ? - help, v - describe, . - travel
Here: an efreet, wielding a +1 scimitar of flaming, wearing a ring of see invisible and carrying a wand of roots The floor.
Unknown command.
Press: ? - help, v - describe, . - travel
Here: an efreet, wielding a +1 scimitar of flaming, wearing a ring of see invisible and carrying a wand of roots The floor.
You feel better. The efreet gestures at you.
The bolt of fire misses your centaur warrior.
The bolt of fire hits you!!
* * * LOW HITPOINT WARNING * * *
You feel better. The efreet gestures at you.
The fireball explodes!
The fireball engulfs your centaur warrior!
The fireball engulfs you!!
You die...

#####........#####
..................
.........
###<######.#######
#.......# #.# #.#
#.......# #.# #.#
#.......# #.# #.#
#.......# #.# #.#
#.......#
#.######.#########(......#
..............@c.........#
##################R......#
#☼......# #†{......
.......).......
#.#####{###.... .#. ....
#,# ... ..


You could see an efreet (ally target) and a friendly centaur warrior (charmed).

Vanquished Creatures
  Maggie (D:8)
  A hornet (D:8)
  A shadow (D:10)
  2 yaks (D:9)
  Edmund (D:4)
  A water moccasin (D:7)
  4 black bears
  2 ice beasts
  An ogre (D:4)
  2 wolves (D:8)
  A lemure (D:5)
  2 phantoms
  Blork the orc (D:4)
  A kobold brigand (D:8)
  3 wights (D:7)
  A water moccasin zombie (D:6)
  A water moccasin skeleton (D:6)
  3 howler monkeys
  A bombardier beetle (D:5)
  A bullfrog zombie (D:6)
  A hound (D:4)
  A centaur skeleton (D:6)
  2 iguanas
  5 orc wizards
  4 gnolls
  6 adders
  2 shadow imps (D:7)
  An ufetubus (D:7)
  3 dart slugs
  A ribbon worm (D:4)
  18 orcs
  5 endoplasms
  2 giant cockroaches
  8 goblins
  9 hobgoblins
  3 jackals (D:4)
  6 quokkas
  9 ball pythons
  4 bats
  5 frilled lizards
  13 kobolds
  4 rats
143 creatures vanquished.

Vanquished Creatures (collateral kills)
  Pikel (D:5)
  Psyche (D:9)
  A troll (D:10)
  A vampire (D:9)
  A wraith (D:10)
  3 yaks (D:9)
  A warg (D:8)
  2 orc warriors
  An ogre (D:5)
  A phantom (D:7)
  3 kobold brigands
  4 bullfrogs
  A gnoll sergeant (D:9)
  2 scorpions
  A wight (D:7)
  2 howler monkeys
  2 bombardier beetles
  2 orc priests
  A hound (D:7)
  A jelly (D:5)
  A gnoll bouda (D:5)
  An iguana (D:5)
  4 orc wizards
  6 gnolls
  An adder (D:6)
  2 shadow imps
  An ufetubus (D:7)
  10 orcs
  12 kobolds
70 creatures vanquished.

Vanquished Creatures (others)
  A centaur warrior (D:10)
  4 battlemagi
  5 ancestors
10 creatures vanquished.

Grand Total: 223 creatures vanquished

Notes
Turn   | Place    | Note
-------+----------+-------------------------------------------
     0 | D:5      | browni3141 the Formicid Delver began the quest for the Orb.
     0 | D:5      | Reached XP level 1. HP: 18/18 MP: 1/1
   369 | D:4      | Found a shimmering altar of Xom.
   369 | D:4      | Noticed a black bear
   464 | D:4      | Noticed a hound
   623 | D:4      | Noticed an ogre
   755 | D:5      | Noticed an iguana
   841 | D:3      | Reached XP level 2. HP: 24/24 MP: 2/2
  1233 | D:1      | Reached XP level 3. HP: 30/30 MP: 3/3
  2309 | D:2      | Reached XP level 4. HP: 34/37 MP: 4/4
  2501 | D:2      | Found a stormy altar of Qazlal.
  2609 | D:3      | Found Huunidom's Magic Scroll Shoppe.
  2658 | D:3      | Bought a scroll of identify for 24 gold pieces
  2761 | D:3      | Identified the +2 leather armour of Liberalism {rPois Will-
                  | Int+7 Dex-4}
  3005 | D:3      | Found a shimmering blue altar of Sif Muna.
  3045 | D:3      | Found a faded altar of an unknown god.
  3062 | D:3      | Found a faded altar of an unknown god.
  3223 | D:3      | Prayed at the altar of an unknown god.
  3223 | D:3      | Became a worshipper of Hepliaklqana the Forgotten
  3223 | D:3      | Reached * piety under Hepliaklqana
  3293 | D:4      | Reached XP level 5. HP: 27/37 MP: 5/5
  3295 | D:4      | Noticed a black bear
  3307 | D:4      | Killed a black bear
  3308 | D:4      | Reached skill level 3 in Armour
  3308 | D:4      | Reached skill level 3 in Dodging
  3308 | D:4      | Reached XP level 6. HP: 25/43 MP: 6/6
  3442 | D:4      | Noticed Blork the orc
  3456 | D:4      | Killed Blork the orc
  3563 | D:4      | Noticed Edmund
  3821 | D:4      | Killed Edmund
  3822 | D:4      | Reached XP level 7. HP: 34/48 MP: 6/9
  4182 | D:4      | Found a shimmering altar of Xom.
  4183 | D:4      | Found a shimmering altar of Xom.
  4185 | D:4      | Found a shimmering altar of Xom.
  4632 | D:4      | Found a shimmering altar of Xom.
  4636 | D:4      | Found a shimmering altar of Xom.
  4637 | D:4      | Found a shimmering altar of Xom.
  4640 | D:4      | Found a shimmering altar of Xom.
  5188 | D:5      | Reached skill level 3 in Evocations
  5188 | D:5      | Reached XP level 8. HP: 51/54 MP: 11/11
  5861 | D:5      | Reached ** piety under Hepliaklqana
  5862 | D:5      | Remembered your ancestor agentchuck as a battlemage
  6127 | D:5      | Reached skill level 3 in Throwing
  6308 | D:5      | Noticed Pikel
  6315 | D:5      | Killed Pikel
  6316 | D:5      | Reached skill level 6 in Fighting
  6316 | D:5      | Reached skill level 2 in Polearms
  6316 | D:5      | Reached skill level 6 in Armour
  6316 | D:5      | Reached XP level 9. HP: 62/62 MP: 12/12
  6373 | D:5      | Reached skill level 3 in Polearms
  6452 | D:6      | Found a radiant altar of Vehumet.
  7115 | D:6      | Reached skill level 4 in Polearms
  7924 | D:7      | Reached skill level 5 in Polearms
  7984 | D:7      | Noticed Joseph
  8192 | D:7      | Reached skill level 6 in Polearms
  8198 | D:7      | Reached XP level 10. HP: 67/68 MP: 13/13
  8229 | D:7      | Reached *** piety under Hepliaklqana
  8259 | D:7      | Reached skill level 7 in Polearms
  8364 | D:7      | Found a staircase to the Ecumenical Temple.
  8639 | D:7      | Found a sacrificial altar of Ru.
  8639 | D:7      | Found an iron altar of Okawaru.
  8641 | D:7      | Found a basalt altar of Yredelemnul.
  8669 | D:7      | Found a blossoming altar of Fedhas.
  8671 | D:7      | Found a hazy altar of Hepliaklqana.
  8738 | Temple   | Entered the Ecumenical Temple
  8804 | D:8      | Reached skill level 8 in Polearms
  9212 | D:8      | Found a burning altar of Makhleb.
  9258 | D:8      | Found Rokujem's Book Boutique.
  9260 | D:8      | Found Uliviot's Antique Armour Boutique.
  9260 | D:8      | Found Leco's Antique Weapon Boutique.
  9468 | D:8      | Found a staircase to the Lair.
  9591 | D:8      | Reached skill level 9 in Polearms
  9642 | D:8      | Reached **** piety under Hepliaklqana
  9738 | D:8      | Noticed Maggie
  9749 | D:8      | Killed Maggie
 10134 | D:8      | Bought a glowing orcbow for 136 gold pieces
 10206 | D:9      | Noticed Psyche
 10209 | D:9      | Killed Psyche
 10242 | D:9      | Reached skill level 10 in Polearms
 10268 | D:9      | Found Okhox Zorax's Assorted Antiques.
 10280 | D:9      | Bought a scroll labelled RUTEJY ROSKOK for 26 gold pieces
 10280 | D:9      | Bought a forked glass wand for 104 gold pieces
 10280 | D:9      | Bought a scroll labelled RUTEJY ROSKOK for 26 gold pieces
 10280 | D:9      | Bought a bubbling blue potion for 23 gold pieces
 10293 | D:9      | Found a glowing silver altar of Zin.
 10293 | D:9      | Found a glowing golden altar of the Shining One.
 10372 | D:9      | Found a transporter.
 10374 | D:9      | Noticed Esekla's ghost (novice SpHW)
 10375 | D:9      | Noticed a two-headed ogre
 10378 | D:9      | Noticed an elephant
 10379 | D:9      | Noticed a kobold demonologist
 10408 | D:9      | Found a transporter.
 10425 | D:9      | Reached skill level 3 in Ranged Weapons
 10431 | D:9      | Reached XP level 11. HP: 66/72 MP: 11/14
 10583 | D:9      | a spriggan changed into an entropy weaver
 10583 | D:9      | Noticed an entropy weaver (shapeshifter)
 10698 | D:10     | Entered Level 10 of the Dungeon
 10744 | D:10     | Noticed a centaur warrior
 10749 | D:10     | Reached skill level 6 in Ranged Weapons
 10756 | D:10     | Noticed a centaur warrior
 10761 | D:10     | Killed from afar by an efreet

Illustrated notes

Levels and vault maps discovered:
D:1:      psy_arrival_radial02, layout_basic, minmay_nonomino_d4
D:2:      layout_basic, basic_altar
D:3:      layout_rooms, lemuel_blue_sif_altar,
          hellmonk_ecumenical_altar_the_god_not_taken, serial_shops,
          nicolae_shop_just_a_little_nook, minmay_misc_feat_diagonals,
          mrwooster_statue_mirror
D:4:      layout_loops_corners, xom_redecorated, chequers_mini_garden,
          amcnicky_mini_pool_small, uniq_blork_the_orc, uniq_edmund
D:5:      wander_river, layout_layer_cave, uniq_pikel
D:6:      layout_layer_cave, old_standard_altar, serial_undead, serial_undead_d,
          serial_undead_f, serial_undead_a, serial_undead_e
D:7:      layout_basic, nicolae_overflow_hidden_temple,
          minmay_temple_entry_tees, uniq_joseph
D:8:      layout_gridville, lightli_temple_of_fire, erik_lair_orcish_takeover,
          nicolae_shop_distant_corner_stores, uniq_maggie
D:9:      layout_cave_pools, gammafunk_temple_overflow_wave, serial_shops, shop,
          nzn_ghost_randoct, uniq_psyche
D:10:     minmay_the_grid_square_5x5_3x3
          [minmay_the_grid_square_5x5_eight_small,
          minmay_the_grid_square_5x5_broken_cross,
          minmay_the_grid_square_5x5_fancy_junction,
          minmay_the_grid_square_5x5_doubleslash,
          minmay_the_grid_square_5x5_megaprize_open,
          minmay_the_grid_square_5x5_comb, minmay_the_grid_square_5x5_meh,
          minmay_the_grid_square_5x5_half_checkered,
          minmay_the_grid_square_5x5_checkered_statues], layout_small_grid,
          mainiacjoe_overflow_small_starburst, hangedman_corner_corridor,
          uniq_josephine
Temple:   hellmonk_temple_beads

Skill      XL: |  1  2  3  4  5  6  7  8  9 10 11 |
---------------+----------------------------------+-----
Dodging        | 2 3 4 5 |  5.0
Throwing       | 1 2 4 5 |  5.0
Fighting       | 4 6 |  6.0
Armour         | 1 2 3 4 6 |  6.0
Invocations    | 2 4 |  4.0
Evocations     | 3 |  3.0
Polearms       | 2 6 10 | 10.0
Ranged Weapons | 4 6 |  6.3
Short Blades   | |  2.0
Stealth        | |  6.0

Action                     |  1- 3 |  4- 6 |  7- 9 | 10-12 || total
---------------------------+-------+-------+-------+-------++-------
  Melee: Short sword       |    97 |       |       |       ||    97
         Punch             |     2 |     1 |     1 |     1 ||     5
         Dagger            |    34 |    95 |   131 |       ||   260
         Trident           |       |       |    90 |   131 ||   221
   Fire: Orcbow            |       |       |       |    40 ||    40
  Throw: Dart              |     1 |     5 |    11 |     2 ||    19
 Invoke: Recall Ancestor   |       |     1 |     2 |       ||     3
         Ancestor Identity |       |     1 |       |       ||     1
         Ancestor Life: Ba |       |       |     1 |       ||     1
  Evoke: Wand              |       |       |       |     2 ||     2
    Use: Scroll            |       |     3 |     1 |     3 ||     7
         Potion            |       |       |       |     2 ||     2
   Stab: Sleeping          |    14 |     4 |     2 |       ||    20
         Distracted        |       |       |     4 |     2 ||     6
 Armour: Leather armour    |    45 |       |       |       ||    45
         Ring mail         |     2 |       |       |       ||     2
         Scale mail        |       |    57 |   124 |    90 ||   271
  Dodge: Dodged            |    53 |    46 |   114 |    71 ||   284
